 Dungeon Crawl Stone Soup version 0.31.0-9-g3a7656b989 (webtiles) character file.

Game seed: 12145335096072683623

40354 H0rd4k the Fighter (level 14, 0/121 HPs)
             Began as a Human Artificer on Jan 24, 2024.
             Was an Initiate of Gozag.
             Slain by a sun demon (21 damage)
             ... summoned by an orc sorcerer
             ... while paralysed by an orc sorcerer
             ... on level 2 of the Orcish Mines on Jan 25, 2024.
             The game lasted 00:43:41 (17353 turns).

H0rd4k the Fighter (Human Artificer)               Turns: 17353, Time: 00:43:42

Health: 0/121      AC: 12    Str: 14    XL:     14   Next: 10%
Magic:  17/26      EV:  2    Int: 15    God:    Gozag
Gold:   1897       SH:  0    Dex: 14    Spells: 30/30 levels left

rFire   . . .        K - +3 short sword (drain)
rCold   . . .        D - orb {mayhem}
rNeg    . . .        u - +0 leather armour {Will+}
rPois   .            G - +2 helmet
rElec   .            t - scarf {harm}
rCorr   +            b - +1 pair of gloves
SInv    .            a - +2 pair of boots
Will    ++...        o - amulet of regeneration
Stlth   +++          A - ring of resist corrosion
HPRegen 1.20/turn    R - +5 ring of evasion
MPRegen 0.20/turn

%: harm (+30% outgoing, +20% incoming), mayhem
@: paralysed
A: explore regen, inability to drink after injury 1
a: Renounce Religion, Potion Petition, Call Merchant, Bribe Branch


You were on level 2 of the Orcish Mines.
You worshipped Gozag.
Gozag was most pleased with you.
You visited 4 branches of the dungeon, and saw 16 of its levels.
You also visited: Bailey.

You collected 4340 gold pieces.
You spent 408 gold pieces at shops.
You paid 2035 gold pieces to Gozag.

Inventory:

Hand Weapons
 k - a +3 long sword of holy wrath
 l - a +2 dagger of venom
 r - the +3 falchion of the Distant Future {flame, rC- rN+ Dex+4 SInv}
   (You bought it in a shop on level 10 of the Dungeon)

   Dex+4:     It affects your dexterity (+4).
   rC-:       It makes you vulnerable to cold.
   rN+:       It protects you from negative energy.
   SInv:      It lets you see invisible.
 J - a +0 dagger of holy wrath
 K - a +3 short sword of draining (weapon)
 Y - a +3 spectral dagger
Missiles
 n - 3 darts of dispersal
 U - 5 curare-tipped darts
 W - 3 throwing nets
Armour
 a - a +2 pair of boots (worn)
 b - a +1 pair of gloves (worn)
 t - a scarf of harm (worn)
 u - a +0 leather armour of willpower (worn)
 D - an orb of mayhem (worn)
 G - a +2 helmet (worn)
Jewellery
 o - an amulet of regeneration (around neck)
 A - a ring of resist corrosion (left hand)
 B - a ring of fire
 C - an amulet of guardian spirit
 P - a ring of protection from fire
 R - a +5 ring of evasion (right hand)
Talismans
 g - a maw talisman
 y - a beast talisman
 O - a serpent talisman
Wands
 c - a wand of flame (20) (quivered)
 j - a wand of polymorph (10)
 Z - a wand of digging (8)
Scrolls
 q - 2 scrolls of teleportation
 s - 2 scrolls of revelation
 w - 2 scrolls of fog
 F - 2 scrolls of fear
 L - 2 scrolls of silence
 T - 2 scrolls of blinking
Potions
 d - a potion of resistance
 e - 2 potions of haste
 f - 2 potions of invisibility
 h - 6 potions of curing
 i - a potion of heal wounds {unknown}
 m - a potion of cancellation {unknown}
 p - 3 potions of mutation {unknown}
 v - 5 potions of magic
 x - 3 potions of ambrosia
 E - a potion of enlightenment {unknown}
 I - 2 potions of might {unknown}
 N - 3 potions of brilliance
 Q - a potion of berserk rage {unknown}
 X - a potion of attraction {unknown}
Miscellaneous
 M - a lightning rod (4/4)


   Skills:
 - Level 14.9 Fighting
 - Level 11.4 Short Blades
 - Level 1.1 Maces & Flails
 + Level 5.7 Armour
 + Level 9.5 Dodging
 + Level 5.9 Stealth
 * Level 8.5 Spellcasting
 - Level 3.0 Evocations


You had 30 spell levels left.
You didn't know any spells.
Your spell library contained the following spells:

 Spells                   Type           Power      Damage    Failure   Level
 Kiss of Death            Conj/Necr      24%        2d7       14%         1
 Sting                    Conj/Alch      24%        1d4       14%         1
 Summon Small Mammal      Summ           24%        N/A       14%         1
 Cigotuvi's Dreadful Rot  Necr/Alch/Air  12%        N/A       22%         2
 Mercury Vapours          Alch/Air       12%        N/A       22%         2
 Call Canine Familiar     Summ           6%         N/A       38%         3
 Confusing Touch          Hex            6%         N/A       38%         3
 Dispel Undead            Necr           6%         3d8       80%         4
 Ignite Poison            Fire/Alch      6%         N/A       80%         4
 Olgreb's Toxic Radiance  Alch           6%         N/A       80%         4
 Summon Blazeheart Golem  Fire/Summ      6%         N/A       80%         4
 Borgnjor's Vile Clutch   Necr/Erth      3%         N/A       98%         5
 Freezing Cloud           Conj/Ice/Air   3%         6-21      98%         5
 Death Channel            Necr           3%         N/A       100%        6
 Animate Dead             Necr           Unusable   N/A       N/A         4

Dungeon Overview and Level Annotations

Branches:
Dungeon (10/15)            Temple (1/1) D:7            Lair (3/5) D:10
  Swamp (0/4) Lair:2          Orc (2/2) D:9             Elf (0/3) Orc:2
 Bailey (visited)
  Snake: Lair:2-3    Spider: Lair:2-3

Altars:
Ashenzari
Cheibriados
Dithmenos
Elyvilon
Fedhas
Gozag
Hepliaklqana
Kikubaaqudgha
Makhleb
Nemelex Xobeh
Okawaru
Qazlal
Ru
Sif Muna
Trog
Uskayaw
Vehumet
Wu Jian
Xom
Yredelemnul
Zin
The Shining One

Shops:
D:10 (((

Annotations:
D:1 exclusions: 2 downstairs and 1 more exclusion
D:5 1 runed translucent door, exclusions: door and upstairs, Crazy Yiuf
D:9 exclusion: obsidian statue
Lair:1 1 runed translucent door, exclusions: ice dragon and 1 more exclusion
Lair:2 exclusions: upstairs and 1 more exclusion
Lair:3 exclusion: upstairs


Innate Abilities, Weirdness & Mutations

You regain HP and MP as you explore.
You occasionally lose the ability to drink potions when taking damage.


Message History

You drain the orc sorcerer.
The orc sorcerer is lightly wounded.
You hit the orc sorcerer but do no damage.
You drain the orc sorcerer.
The orc sorcerer is lightly wounded.
The sun demon hits you.
You are engulfed in flames!
The orc sorcerer mumbles some strange words.
You hit the orc sorcerer.
The orc sorcerer is moderately wounded.
You hit the orc sorcerer but do no damage.
The orc sorcerer is moderately wounded.
The sun demon barely misses you. The neqoxec gestures at you.
Something gnaws on your mind!
You feel your power leaking away. The orc sorcerer misses you.
You hit the orc sorcerer.
The orc sorcerer is moderately wounded.
You closely miss the orc sorcerer.
The orc sorcerer is moderately wounded.
The sun demon completely misses you. The neqoxec gestures at you.
Something gnaws on your mind!
You feel your power leaking away.
The orc sorcerer points at you and mumbles some strange words.
You suddenly lose the ability to move!
The sun demon hits you!!
You are engulfed in flames!
The neqoxec gestures at you.
Strange energies course through your body.
You occasionally lose the ability to drink potions when taking damage.
The orc sorcerer hits you with a +0 dagger.
The sun demon hits you!
* * * LOW HITPOINT WARNING * * *
You are engulfed in flames!
* * * LOW HITPOINT WARNING * * *
The neqoxec hits you but does no damage.
The orc sorcerer completely misses you. The sun demon hits you!!
You die...
Your body crumbles into a pile of gold.

...................##§§≈# .
.............##..##§≈##§### o.
.............##..##§§##≈§≈####...
...................§§≈≈≈§§§≈≈..$.
.......................).)§§.....
.........................)§$..8..
.......................).).......
................3o...≈≈≈§≈≈≈§....
.............##.@##.≈##§§≈####.o.
.............##.3##.≈##≈### ..
...................##§≈§# .
..................#..§§##
..........#..........§§#
......)).######......§§##
.....)))#..####......§§≈#
.......#....##........§≈###
......#)#....##.......≈≈≈≈#


You could see a sun demon (summoned), a neqoxec (summoned) and an orc sorcerer
(drained).

Vanquished Creatures
  Harold (D:10)
  A hydra (Lair:2)
  3 two-headed ogres
  Sonja (Lair:2)
  3 orc sorcerers
  Pikel (D:6)
  A cyclops (D:9)
  A torpor snail (Lair:3)
  5 kobold blastminers
  4 black mambas
  5 cane toads
  Jeremiah (D:6)
  An unseen horror (D:10)
  Maggie (D:8)
  2 rime drakes
  8 komodo dragons
  3 kobold demonologists (D:10)
  4 trolls
  A hornet (D:9)
  2 tyrant leeches (Lair:2)
  11 blink frogs
  8 dream sheep
  Prince Ribbit (D:8)
  Sigmund (D:6)
  40 yaks
  A spriggan (Lair:3)
  3 wraiths
  6 wyverns
  4 humans
  2 basilisks (D:10)
  Eustachio (D:5)
  A warg (D:9)
  Edmund (D:4)
  3 steam dragons
  4 vampire mosquitoes (D:10)
  2 swamp worms (Lair:2)
  10 water moccasins
  2 ice beasts (D:7)
  15 orc warriors
  A swamp drake (D:10)
  2 black bears
  12 wolves
  2 ogres
  3 centaurs
  A phantom (D:6)
  7 kobold brigands
  18 bullfrogs
  A gnoll sergeant (D:8)
  13 scorpions
  5 wights (D:9)
  13 killer bees
  4 bombardier beetles
  A howler monkey (D:9)
  2 jellies
  3 hounds
  A gnoll bouda (D:5)
  11 orc priests
  A sleepcap (D:5)
  16 orc wizards
  9 hell rats (Lair:2)
  8 adders
  11 gnolls
  8 river rats (Lair:2)
  2 shadow imps
  A white imp (D:8)
  3 ufetubi (D:6)
  A dart slug (D:2)
  5 ribbon worms
  42 orcs
  8 ball pythons
  7 bats
  3 endoplasms (D:2)
  5 giant cockroaches
  6 goblins
  9 hobgoblins
  2 jackals (D:2)
  41 kobolds
  6 quokkas
  3 frilled lizards
  24 rats
486 creatures vanquished.

Vanquished Creatures (collateral kills)
  Josephine (Orc:2)
  An orc sorcerer (Orc:2)
  Grinder (D:5)
  A wraith (Orc:2)
  A wolf (Lair:2)
  An ogre (Orc:2)
  An orc priest (Orc:2)
  4 orc wizards (Orc:2)
  4 hell rats (Lair:2)
  A river rat (Lair:2)
  An ufetubus (D:6)
  7 orcs
  A quokka (Lair:2)
  A goblin (Bailey)
  5 rats (Lair:2)
31 creatures vanquished.

Vanquished Creatures (others)
  2 yaks
  2 humans (Bailey)
  Blork the orc (D:6)
  2 bullfrogs (Bailey)
  An orc priest (Orc:1)
  2 orc wizards
  3 hell rats (Lair:2)
  A river rat (Lair:2)
  3 orcs
  A rat (Lair:2)
18 creatures vanquished.

Grand Total: 535 creatures vanquished

Notes
Turn   | Place    | Note
-------+----------+-------------------------------------------
     0 | D:1      | H0rd4k the Human Artificer began the quest for the Orb.
     0 | D:1      | Reached XP level 1. HP: 15/15 MP: 1/1
   225 | D:1      | Reached XP level 2. HP: 18/22 MP: 2/2
   329 | D:1      | Reached skill level 2 in Fighting
   487 | D:1      | Reached skill level 1 in Maces & Flails
   827 | D:2      | Reached XP level 3. HP: 22/28 MP: 3/3
  1295 | D:2      | Found a faded altar of an unknown god.
  1609 | D:2      | Reached skill level 3 in Fighting
  1696 | D:2      | Reached skill level 1 in Short Blades
  1712 | D:2      | Reached XP level 4. HP: 31/35 MP: 4/4
  2162 | D:3      | Found a hazy altar of Hepliaklqana.
  2279 | D:3      | Reached XP level 5. HP: 19/42 MP: 5/5
  2541 | D:3      | Reached skill level 4 in Fighting
  2942 | D:4      | Noticed Edmund
  2974 | D:4      | Reached XP level 6. HP: 47/48 MP: 6/6
  3211 | D:4      | Reached XP level 7. HP: 55/55 MP: 7/7
  3238 | D:4      | Reached skill level 5 in Fighting
  3238 | D:4      | Reached skill level 5 in Short Blades
  3602 | D:5      | Entered Level 5 of the Dungeon
  3677 | D:5      | Noticed Eustachio
  3690 | D:5      | Killed Eustachio
  3691 | D:5      | Reached XP level 8. HP: 64/64 MP: 8/8
  3809 | D:5      | Reached skill level 6 in Fighting
  4043 | D:5      | Noticed Grinder
  4086 | D:5      | Killed Grinder
  4164 | D:5      | Reached skill level 7 in Fighting
  4164 | D:5      | Reached XP level 9. HP: 61/72 MP: 9/9
  4265 | D:5      | Found a runed translucent door.
  4266 | D:5      | Noticed Crazy Yiuf
  4993 | D:6      | Found an iron altar of Okawaru.
  5087 | D:6      | Noticed Blork the orc
  5095 | D:6      | Reached skill level 8 in Fighting
  5102 | D:6      | Noticed Jeremiah
  5114 | D:6      | Your ally Blork the orc died
  5186 | D:6      | Killed Jeremiah
  5215 | D:6      | Reached skill level 10 in Short Blades
  5372 | D:6      | Noticed Pikel
  5378 | D:6      | Killed Pikel
  5379 | D:6      | Reached XP level 10. HP: 82/82 MP: 10/10
  5394 | D:6      | Reached skill level 9 in Fighting
  5501 | D:6      | You fall into a shaft and drop 3 floors!
  5501 | D:9      | Found a flagged portal.
  5510 | Bailey   | Entered a bailey
  5690 | Bailey   | Noticed a vault guard
  5898 | D:9      | Noticed an obsidian statue
  6119 | D:7      | Reached skill level 10 in Fighting
  6293 | D:7      | Found a staircase to the Ecumenical Temple.
  6305 | Temple   | Entered the Ecumenical Temple
  6318 | Temple   | Became a worshipper of Gozag Ym Sagoz the Greedy
  6697 | D:6      | Reached skill level 1 in Spellcasting
  6710 | D:6      | Noticed Sigmund
  6720 | D:6      | Killed Sigmund
  6857 | D:4      | Killed Edmund
  6984 | D:8      | Noticed Maggie
  7001 | D:8      | Killed Maggie
  7011 | D:8      | Noticed Prince Ribbit
  7035 | D:8      | Killed Prince Ribbit
  7085 | D:8      | Reached skill level 11 in Fighting
  7115 | D:8      | Found a hide-covered altar of Uskayaw.
  7319 | D:8      | Reached XP level 11. HP: 88/93 MP: 14/14
  7899 | D:9      | Reached skill level 12 in Fighting
  8070 | D:9      | Found a staircase to the Orcish Mines.
  8276 | D:9      | Noticed a two-headed ogre
  8294 | D:9      | Killed a two-headed ogre
  8548 | D:9      | Paralysed by a hornet for 3 turns
  8751 | D:10     | Entered Level 10 of the Dungeon
  8915 | D:10     | Noticed Harold
  8952 | D:10     | Killed Harold
  8953 | D:10     | Reached skill level 13 in Fighting
  9375 | D:10     | Noticed a two-headed ogre
  9396 | D:10     | Killed a two-headed ogre
  9517 | D:10     | Reached XP level 12. HP: 97/106 MP: 19/19
  9530 | D:10     | Reached skill level 5 in Spellcasting
  9573 | D:10     | Found a stormy altar of Qazlal.
  9643 | D:10     | Reached skill level 14 in Fighting
  9727 | D:10     | Found a staircase to the Lair.
 10477 | D:10     | Noticed a two-headed ogre
 10493 | D:10     | Killed a two-headed ogre
 10897 | D:10     | Bought a brightly glowing mace for 192 gold pieces
 10897 | D:10     | Identified the +3 mace "Xakhamne" {freeze, Int+3} (You
                  | bought it in a shop on level 10 of the Dungeon)
 10916 | Lair:1   | Entered Level 1 of the Lair of Beasts
 11413 | Lair:1   | Noticed a seven-headed hydra
 11914 | Lair:2   | Noticed Sonja
 11957 | Lair:2   | Killed Sonja
 11958 | Lair:2   | Reached skill level 5 in Dodging
 12238 | Lair:2   | Reached XP level 13. HP: 101/112 MP: 23/23
 13057 | Lair:2   | Found a staircase to the Swamp.
 14354 | Lair:3   | Reached skill level 5 in Armour
 15059 | Lair:1   | Noticed an ice dragon
 15642 | Lair:1   | Found a runed translucent door.
 15820 | D:10     | Bought a scorched falchion for 216 gold pieces
 15820 | D:10     | Identified the +3 falchion of the Distant Future {flame,
                  | rC- rN+ Dex+4 SInv} (You bought it in a shop on level 10 of
                  | the Dungeon)
 15954 | Orc:1    | Entered Level 1 of the Orcish Mines
 15960 | Orc:1    | Reached skill level 5 in Stealth
 16673 | Orc:2    | Entered Level 2 of the Orcish Mines
 16741 | Orc:2    | Found a staircase to the Elven Halls.
 16879 | Orc:2    | Noticed Josephine
 16885 | Orc:2    | Reached XP level 14. HP: 120/121 MP: 26/26
 16915 | Orc:2    | Killed Josephine
 17350 | Orc:2    | Paralysed by an orc sorcerer for 4 turns
 17351 | Orc:2    | Gained mutation: You occasionally lose the ability to drink
                  | potions when taking damage. [a neqoxec]
 17353 | Orc:2    | Slain by a sun demon

Illustrated notes

Levels and vault maps discovered:
D:1:      dpeg_arrival_simpleton_c, layout_basic, serial_glass, glass_columns_b,
          glass_columns_b, due_unseen_surprise, item_on_display_a,
          feat_on_display, minmay_strange_pillars, kennysheep_crisscross,
          nicolae_twisty_statue_hallways
D:2:      layout_loops_ring, nicolae_ecumenical_oubliette,
          minmay_misc_feat_diagonals, nicolae_underground_beach
D:3:      layout_basic, nicolae_hepliaklqana_hazy_memory
D:4:      old_forge, layout_gridville, kennysheep_generic_room_7, uniq_edmund
D:5:      layout_basic, uniq_grinder, uniq_crazy_yiuf_cottage, uniq_eustachio
D:6:      layout_loops_ring, amcnicky_altar_gilded, kennysheep_another_room,
          uniq_pikel, uniq_blork_the_orc, uniq_sigmund, uniq_jeremiah
D:7:      layout_basic, minmay_temple_entry_stoned_glass
D:8:      layout_cave_pools, eat_drink_and_be_merry_uskayaw,
          nicolae_nh_ransacked_shop, uniq_maggie, uniq_prince_ribbit1
D:9:      layout_loops_ring, erik_orc_4, enter_bailey_2,
          small_chamber_with_monster, minivault_16
D:10:     layout_gridville, mainiacjoe_overflow_surrounded_room,
          erik_lair_dragon, st_stairs_3, hangedman_glass_teeth, uniq_harold
Temple:   dpeg_three_leaves_temple
Lair:1:   dragon1_lemuel, layout_regular_city, pdpol_lair_cabin_in_the_woods,
          grunt_megastairs_4
Lair:2:   lemuel_ratsnest, layout_chaotic_city, palyth_hydra_swamp_entry,
          nicolae_snake_entry_squirm, st_stairs_9, kennysheep_abandoned_house,
          uniq_sonja
Lair:3:   nzn_motion_control, layout_gridlike, st_stairs_13,
          grunt_forest_large_clearing_hut, serial_bayou_shore_a,
          grunt_megastairs_3
Orc:1:    layout_diamond_mine, nicolae_orc_crystal_seam
Orc:2:    kennysheep_orc_mage_school, layout_caves, uniq_josephine

Skill      XL: |  1  2  3  4  5  6  7  8  9 10 11 12 13 |
---------------+----------------------------------------+-----
Fighting       | 2 3 4 5 7 8 11 13 14 | 14.9
Maces & Flails | 1 |  1.1
Short Blades   | 1 2 3 4 6 8 10 11 | 11.4
Spellcasting   | 2 4 7 8 |  8.5
Dodging        | 5 9 |  9.5
Armour         | 3 5 |  5.7
Stealth        | 2 5 |  5.9
Evocations     | |  3.0

Action                     |  1- 3 |  4- 6 |  7- 9 | 10-12 | 13-15 || total
---------------------------+-------+-------+-------+-------+-------++-------
  Melee: Club              |   111 |       |       |       |       ||   111
         Short sword       |    93 |   101 |   502 |  1122 |   924 ||  2742
         Punch             |       |     1 |     7 |    20 |    10 ||    38
         Dagger            |       |       |       |   161 |     8 ||   169
         Long sword        |       |       |       |    74 |    18 ||    92
 Invoke: Call Merchant     |       |       |       |     1 |     2 ||     3
  Evoke: Wand              |       |     4 |    20 |    13 |     2 ||    39
         Lightning rod     |       |       |       |     1 |       ||     1
    Use: Potion            |       |       |     1 |       |       ||     1
         Scroll            |       |       |       |    20 |     5 ||    25
   Stab: Sleeping          |       |       |     1 |       |     2 ||     3
         Distracted        |       |       |       |     5 |     7 ||    12
 Armour: Leather armour    |   139 |    34 |   261 |   563 |   266 ||  1263
  Dodge: Dodged            |   127 |    54 |   201 |   635 |   497 ||  1514
